 Dungeon Crawl Stone Soup version 0.23.2-33-g5129a83184 (webtiles) character file.

Game seed: 12938370888405909248

501 Gedi the Ruffian (level 6, -1/62 HPs)
             Began as a Troll Monk on July 29, 2019.
             Was an Elder of Okawaru.
             Slain by a worker ant (5 damage)
             ... on level 4 of the Dungeon.
             The game lasted 00:08:14 (2759 turns).

Gedi the Ruffian (Troll Monk)                       Turns: 2759, Time: 00:08:14

Health: -1/62      AC:  6    Str: 22    XL:     6   Next: 95%
Magic:  5/5        EV: 10    Int:  6    God:    Okawaru [****..]
Gold:   122        SH:  0    Dex: 12    Spells: 5/5 levels left

rFire    . . .     SeeInvis .     - Unarmed
rCold    . . .     Gourm    +   (no shield)
rNeg     . . .     Faith    .   a - +0 robe
rPois    .         Spirit   .   (helmet restricted)
rElec    .         Reflect  .   (no cloak)
rCorr    .         Harm     .   (gloves unavailable)
MR       .....                  (boots unavailable)
Stlth    ++........             (no amulet)
HPRegen  0.60/turn              (no ring)
MPRegen  0.09/turn              (no ring)

@: no status effects
A: large, unfitting armour, claws 3, fast metabolism 3, gourmand, regeneration
1, shaggy fur 1, tough skin 3
a: Heroism, Renounce Religion


You were on level 4 of the Dungeon.
You worshipped Okawaru.
Okawaru was greatly pleased with you.
You were very full.

You visited 1 branch of the dungeon, and saw 5 of its levels.

You collected 122 gold pieces.

Inventory:

Armour
 a - a +0 robe (worn)
Jewellery
 f - an uncursed ring of see invisible {unknown}
 r - an uncursed amulet of guardian spirit {unknown}
 s - a cursed ring of attention {unknown}
 x - an uncursed ring of poison resistance {unknown}
Wands
 k - a wand of polymorph (4)
 y - a wand of scattershot (6)
Scrolls
 d - 2 scrolls of random uselessness {unknown}
 e - 2 scrolls of remove curse {unknown}
 h - a scroll of enchant armour {unknown}
 j - a scroll of immolation {unknown}
 l - a scroll of identify {unknown}
 m - a scroll of enchant weapon {unknown}
 n - 2 scrolls of amnesia {unknown}
 p - a scroll of fear {unknown}
 u - a scroll of teleportation {unknown}
 v - a scroll of blinking {unknown}
Potions
 c - a potion of mutation {unknown}
 g - 2 potions of ambrosia {unknown}
 i - a potion of resistance {unknown}
 o - 2 potions of curing
 q - a potion of lignification {unknown}
 t - a potion of haste {unknown}
 w - a potion of brilliance {unknown}
Comestibles
 b - 6 rations


   Skills:
 * Level 3.6 Fighting
 * Level 1.8 Armour
 - Level 2.4 Dodging
 - Level 1.0 Stealth
 * Level 6.7 Unarmed Combat


You had 5 spell levels left.
You didn't know any spells.
Your spell library was empty.

Dungeon Overview and Level Annotations

Branches:
Dungeon (5/15)
 Temple: D:4-7

Altars:
Fedhas
Okawaru


Innate Abilities, Weirdness & Mutations

You are too large for most types of armour.
You have claws for hands.
Your metabolism is lightning-fast.
You like to eat raw meat.
Your natural rate of healing is unusually fast.
You are covered in fur. (AC +1)
You have extremely tough skin. (AC +3)


Message History

Okawaru accepts your kill.
You feel sick.
The gnoll hits you from afar with a +0 halberd.
You closely miss the worker ant. The worker ant completely misses you.
The gnoll hits you from afar with a +0 halberd!
* * * LOW HITPOINT WARNING * * *
You scratch the worker ant.
The worker ant is lightly wounded.
The gnoll completely misses you. The worker ant barely misses you.
The gnoll barely misses you.
You barely miss the worker ant.
The worker ant is lightly wounded.
The worker ant barely misses you.
The gnoll hits you from afar with a +0 spear.
* * * LOW HITPOINT WARNING * * *
It was a potion of curing.
You feel better. The worker ant closely misses you.
The gnoll hits you from afar with a +0 halberd!
* * * LOW HITPOINT WARNING * * *
The gnoll barely misses you. The worker ant bites you.
You die...

..... ... .. #....# ..
... .#.....#.. ....
.........##....
.............. ..
#........ ... #.ggg#
..##. ....####a## ......
........@.##.......
....................
.....#%.#...........
.....#..#............
#........#............
#........................
......####...............
.###.....................
#..............#......


You could see a worker ant and 3 gnolls.

Vanquished Creatures
  A centaur (D:5)
  A bullfrog (D:2)
  A water moccasin zombie (D:5)
  2 orc priests (D:3)
  Natasha (thrice) (D:2)
  An iguana (D:4)
  A worker ant (D:3)
  A gnoll (D:4)
  5 adders
  A worm (D:3)
  2 leopard geckos
  11 orcs
  5 giant cockroaches
  6 goblins
  5 hobgoblins
  5 kobolds
  3 ball pythons
  8 bats
  2 frilled lizards (D:3)
  4 rats
68 creatures vanquished.

Notes
Turn   | Place    | Note
-------+----------+-------------------------------------------
     0 | D:1      | Gedi the Troll Monk began the quest for the Orb.
     0 | D:1      | Reached XP level 1. HP: 22/22 MP: 0/0
   270 | D:1      | Reached XP level 2. HP: 28/29 MP: 1/1
  1138 | D:2      | Reached XP level 3. HP: 36/36 MP: 2/2
  1193 | D:2      | Found a blossoming altar of Fedhas.
  1215 | D:2      | Found a faded altar of an unknown god.
  1223 | D:2      | Became a worshipper of Warmaster Okawaru
  1223 | D:2      | Reached * piety under Okawaru
  1223 | D:2      | Reached ** piety under Okawaru
  1376 | D:2      | Noticed Natasha
  1417 | D:2      | Killed Natasha
  1417 | D:2      | Reached *** piety under Okawaru
  1417 | D:2      | Reached skill level 4 in Unarmed Combat
  1509 | D:2      | Noticed Natasha
  1519 | D:2      | Killed Natasha
  1519 | D:2      | Reached XP level 4. HP: 35/45 MP: 3/3
  1628 | D:2      | Noticed Natasha
  1638 | D:2      | Killed Natasha
  1638 | D:2      | Reached skill level 1 in Armour
  1714 | D:3      | Noticed a bullfrog
  1729 | D:2      | Killed a bullfrog
  1729 | D:2      | Reached skill level 5 in Unarmed Combat
  1729 | D:2      | Reached XP level 5. HP: 38/53 MP: 4/4
  2234 | D:3      | Reached XP level 6. HP: 54/61 MP: 5/5
  2381 | D:3      | You fall through a shaft for 2 floors!
  2381 | D:5      | Entered Level 5 of the Dungeon
  2534 | D:5      | Reached **** piety under Okawaru
  2534 | D:5      | Reached skill level 6 in Unarmed Combat
  2537 | D:5      | HP: 1/61 [centaur (5)]
  2759 | D:4      | Slain by a worker ant

Skill      XL: |  1  2  3  4  5  6 |
---------------+-------------------+-----
Fighting       | 3 |  3.6
Unarmed Combat | 4 5 6 |  6.7
Armour         | 1 |  1.8
Dodging        | |  2.4
Stealth        | |  1.0

Action                   |  1- 3 |  4- 6 || total
-------------------------+-------+-------++-------
Melee: Unarmed           |    86 |   119 ||   205
       Punch             |     1 |     4 ||     5
  Use: Potion            |       |     1 ||     1
 Stab: Sleeping          |       |     2 ||     2
  Eat: Chunk             |    19 |    11 ||    30
Armor: Robe              |    57 |    35 ||    92
Dodge: Dodged            |    58 |    82 ||   140
